 Dungeon Crawl Stone Soup version 0.32-a0-473-gd044c6f0f0 (webtiles) character file.

Game seed: 1542058813906173445

39 Aldia the Chopper (level 3, -1/25 (45) HPs)
             Began as a Mountain Dwarf Reaver on Feb 26, 2024.
             Slain by Terence
             ... wielding a +4 flail of draining
              (3 damage)
             ... on level 2 of the Dungeon.
             The game lasted 00:02:32 (1147 turns).

Aldia the Chopper (Mountain Dwarf Reaver)           Turns: 1147, Time: 00:02:33

HP:   -1/25 (45)    AC: 25    Str: 22    XL:     3   Next: 28%
MP:   5/6           EV:  2    Int: 13    God:
Gold: 77            SH:  0    Dex:  8    Spells: 2/6 levels left

rFire   . . .        (no weapon)
rCold   . . .        (no shield)
rNeg    . . .        f - melded +0 ring mail
rPois   +            (helmet currently unavailable)
rElec   .            (cloak currently unavailable)
rCorr   .            k - melded +0 pair of gloves
SInv    .            (boots currently unavailable)
Will    .....        (no amulet)
Stlth   +            d - +6 ring of strength
HPRegen 0.24/turn    h - +4 ring of protection
MPRegen 0.10/turn

%: no passive effects
@: tree-form, very heavily drained
A: stationary, stasis, torment immunity, boosted hp, runic magic, artefact
enchanting
a: no special abilities


You were on level 2 of the Dungeon.
You were a tree.
You visited 1 branch of the dungeon, and saw 2 of its levels.

You collected 77 gold pieces.

Inventory:

Hand Weapons
 a - a +0 hand axe
Armour
 b - a +0 leather armour
 f - a +0 ring mail (melded)
 k - a +0 pair of gloves (melded)
Jewellery
 d - a +6 ring of strength (left branch)
 e - a ring of magical power
 h - a +4 ring of protection (right branch)
Scrolls
 c - 2 scrolls of identify
 i - 2 scrolls of vulnerability {unknown}
 j - a scroll of teleportation {unknown}


   Skills:
 + Level 2.8 Fighting
 + Level 4.0 Axes
 + Level 0.2 Armour
 - Level 1.3 Dodging
 - Level 2.0 Spellcasting
 - Level 3.0 Conjurations
 * Level 1.2 Necromancy


You had 2 spell levels left.
You knew the following spells:

 Your Spells              Type           Power      Damage    Failure   Level
a - Kiss of Death         Conj/Necr      24%        2d7       11%         1
b - Blink                 Tloc           2%         N/A       36%         2
c - Apportation           Tloc           2%         N/A       26%         1

Your spell library contained the following spells:

 Spells                   Type           Power      Damage    Failure   Level
 Momentum Strike          Conj/Tloc      10%        3d8       21%         2
 Lesser Beckoning         Tloc           2%         N/A       36%         2
 Hailstorm                Conj/Ice       5%         3d5       38%         3


Dungeon Overview and Level Annotations

Branches:
Dungeon (2/15)

Altars:

Annotations:
D:2 Terence


Innate Abilities, Weirdness & Mutations

You are a tree.
Your roots penetrate the ground, keeping you stationary.
You cannot be teleported.
You are immune to unholy pain and torment.
Your maximum health is greatly increased.
Your equipment is partially melded.
Your spellcasting is much less encumbered by armour.
You can use scrolls of enchantment on lesser artefacts.


Message History

Terence is moderately wounded.
Terence shouts, "Now you die!"
Terence hits you with a +4 flail of draining.
You feel drained.
You hit Terence but do no damage.
Terence is moderately wounded.
Terence asks, "Do you want it fast or slow?"
Terence hits you with a +4 flail of draining.
* * * LOW HITPOINT WARNING * * *
You feel drained.
* * * LOW HITPOINT WARNING * * *
Cast which spell? (? or * to list)
Aiming: Kiss of Death (safe; 12% risk of failure)
Press: ? - help, Shift-Dir - straight line, f - Terence
Aim: Terence, wielding a +4 flail of draining and wearing a +0 chain mail (moderately wounded, 100% to hit)
The fragment of death hits Terence.
Terence is drained!
Terence is severely wounded.
You feel drained.
Terence hits you with a +4 flail of draining.
* * * LOW HITPOINT WARNING * * *
You feel drained.
Unknown command.
Unknown command.
Unknown command.
You turn into a tree.
Your +0 pair of gloves melds into your body.
Your +0 ring mail melds into your body.
Your roots penetrate the ground.
Terence hits you but does no damage.
You feel drained.
You hit Terence but do no damage.
Terence is severely wounded.
Terence hits you with a +4 flail of draining.
* * * LOW HITPOINT WARNING * * *
You feel drained.
* * * LOW HITPOINT WARNING * * *
The jackal stops to sniff the ground.
You cannot move.
You are now empty-handed.
Terence hits you with a +4 flail of draining.
You die...
Terence says, "Rest in peace."

#.## #.# #.w. #.#
###...##.#####
#.............
#........#
#.$....wh# #..#
.......##h# ...#
####... #@# #...
##.# #♣# #..# .##.
#.# #..# ##.##.###.#
#>.###..........#
#.......#####...##
##..#...#....)#...##
.......#.#####.#...#
......#.#...P.#)#..#
.....#.#.#####.#.#.#


You could see Terence (very drained), a ribbon worm and 2 jackals.

Vanquished Creatures
  3 dart slugs
  2 ball pythons (D:1)
  5 bats (D:1)
  2 endoplasms
  A giant cockroach (D:1)
  4 goblins
  4 hobgoblins
  4 kobolds (D:1)
  3 frilled lizards (D:1)
  5 rats (D:1)
33 creatures vanquished.

Notes
Turn   | Place    | Note
-------+----------+-------------------------------------------
     0 | D:1      | Aldia the Mountain Dwarf Reaver began the quest for the
                  | Orb.
     0 | D:1      | Reached XP level 1. HP: 17/17 MP: 3/3
    68 | D:1      | Reached skill level 4 in Axes
   128 | D:1      | Reached XP level 2. HP: 25/25 MP: 4/4
   739 | D:1      | Reached XP level 3. HP: 30/30 MP: 6/6
   740 | D:1      | Reached skill level 1 in Necromancy
   751 | D:1      | Learned a level 2 spell: Blink
  1075 | D:2      | Found a faded altar of an unknown god.
  1088 | D:2      | Got Plato's Grimoire of the Blink Frog
  1091 | D:2      | Learned a level 1 spell: Apportation
  1131 | D:2      | Noticed Terence
  1146 | D:2      | HP: 1/25 [Terence/+4 flail of draining (1)]
  1147 | D:2      | Slain by Terence

Illustrated notes

Levels and vault maps discovered:
D:1:      minmay_arrival_glassed_features, layout_basic,
          amcnicky_mini_corridor_feature, serial_bayou_pond_c,
          minmay_octomino_e4
D:2:      layout_loops_ring, shapermc_ecumenical_altar_rom_forum, uniq_jessica,
          uniq_terence

Skill      XL: |  1  2  3 |
---------------+----------+-----
Axes           | 4 |  4.0
Spellcasting   | 2 |  2.0
Conjurations   | 3 |  3.0
Necromancy     | 1 |  1.2
Fighting       | |  2.8
Armour         | |  0.2
Dodging        | |  1.3

Action                     || total
---------------------------++-------
  Melee: Hand axe          ||   112
   Cast: Kiss of Death     ||     1
    Use: Scroll            ||     1
         Potion            ||     1
 Armour: Leather armour    ||    38
         Ring mail         ||    30
         Skin              ||     3
  Dodge: Dodged            ||    68

Table legend: (Time is in decaauts)
 A = Elapsed time spent in this place.
 B = Non-inter-level travel time spent in this place.
 C = Inter-level travel time spent in this place.
 D = Time resting spent in this place.
 E = Time spent auto-exploring this place.
 F = Levels seen in this place.
 G = Mean time per level.
                   A        B        C        D        E       F      G
               +--------+--------+--------+--------+--------+-----+--------+
         Total |   1159 |   1109 |     50 |      0 |    863 |   2 |  579.5 |
       Dungeon |   1159 |   1109 |     50 |      0 |    863 |   2 |  579.5 |
               +--------+--------+--------+--------+--------+-----+--------+

Top non-repeatable levels by time:
     D:1: 1041 daAuts
     D:2: 117 daAuts
